 Dungeon Crawl Stone Soup version 0.20-a0-433-g9e36e56 (webtiles) character file.

7459 Kriby the Thaumaturge (level 10, -3/72 HPs)
             Began as a Mummy Fire Elementalist on Jan 4, 2017.
             Was a Believer of Sif Muna.
             Slain by daggaz's ghost (16 damage)
             ... on level 9 of the Dungeon.
             The game lasted 00:19:22 (14018 turns).

Kriby the Thaumaturge (Mummy Fire Elementalist)    Turns: 14018, Time: 00:19:23

Health: -3/72      AC:  4    Str: 13    XL:     10   Next: 94%
Magic:  16/26      EV: 12    Int: 17    God:    Sif Muna [**....]
Gold:   391        SH:  5    Dex: 12    Spells: 19/34 levels left

rFire  x . .     SeeInvis .     s - +7 dire flail (protect)
rCold  + + .     Gourm    .     a - +0 robe
rNeg   + + +     Faith    .     (shield currently unavailable)
rPois  ∞         Spirit   .     (no helmet)
rElec  .         Reflect  +     o - +1 cloak
rCorr  .         Harm     .     (no gloves)
MR     .....                    (no boots)
Stlth  +++.......               l - +5 amulet of reflection
                                m - ring of stealth
                                i - ring of protection from cold

@: vulnerable
A: no food or potions, fire vulnerability, cold resistance 1, negative energy
resistance 3, torment resistance, unbreathing
a: Divine Energy, Renounce Religion


You were on level 9 of the Dungeon.
You worshipped Sif Muna.
Sif Muna was pleased with you.
You were not hungry.

You visited 2 branches of the dungeon, and saw 10 of its levels.

You collected 391 gold pieces.

Inventory:

Hand Weapons
 d - a +0 hand axe
 e - a +0 short sword
 s - a +7 dire flail of protection (weapon)
Armour
 a - a +0 robe (worn)
 g - a +2 ring mail of cold resistance
 o - a +1 cloak (worn)
Jewellery
 i - a ring of protection from cold (left hand)
 l - a +5 amulet of reflection (around neck)
 m - a ring of stealth (right hand)
Wands
 j - a wand of digging (8/24)
 n - a wand of polymorph (8/24)
 r - a wand of lightning (6/15)
Scrolls
 b - a scroll of identify
 c - 4 scrolls of immolation
 f - 5 scrolls of recharging
 h - 2 scrolls of amnesia
 k - 2 scrolls of fog
 p - 10 scrolls of remove curse
Books
 t - a book of Maledictions

   Spells                             Type                      Level
   a - Corona                         Hexes                        1
   b - Ensorcelled Hibernation        Hexes/Ice                    2
   c - Confuse                        Hexes                        3
   d - Tukima's Dance                 Hexes                        3
   e - Dazzling Spray                 Conjuration/Hexes            3


   Skills:
 - Level 4.3 Fighting
 - Level 1.5 Dodging
 - Level 1.5 Stealth
 * Level 12.9 Spellcasting
 + Level 7.3 Conjurations
 * Level 7.4 Fire Magic


You had 19 spell levels left.
You knew the following spells:

 Your Spells              Type           Power        Failure   Level  Hunger
a - Flame Tongue          Conj/Fire      #####        1%          1    N/A
b - Conjure Flame         Conj/Fire      #####...     1%          3    N/A
c - Sticky Flame          Conj/Fire      #####...     3%          4    N/A
d - Throw Flame           Conj/Fire      #####.       1%          2    N/A
e - Fireball              Conj/Fire      #####.....   10%         5    N/A

Dungeon Overview and Level Annotations

Branches:
Dungeon (9/15)             Temple (1/1) D:5
   Lair: D:8-11         Orc: D:9-12

Altars:
Ashenzari
Cheibriados
Dithmenos
Elyvilon
Fedhas
Gozag
Hepliaklqana
Kikubaaqudgha
Makhleb
Nemelex Xobeh
Okawaru
Qazlal
Ru
Sif Muna
Trog
Uskayaw
Vehumet
Xom
Yredelemnul
Zin
The Shining One

Shops:
D:4 %   D:6 =

Annotations:
D:9 daggaz's ghost, journeyman OpFE


Innate Abilities, Weirdness & Mutations

You do not eat or drink.
Your flesh is vulnerable to fire.
You are immune to poison.
Your flesh is cold resistant. (rC+)
You are immune to negative energy. (rN+++)
You are immune to unholy pain and torment.
You can survive without breathing.


Message History

Daggaz's ghost barely misses you.
Press: ? - help, v - describe, . - travel
Here: daggaz's ghost, wielding a weapon of electrocution (flame, heavily damaged, susceptible to hostile enchantments)
An open door.
Evoke which item? (* to show all) (? for menu, Esc to quit)
Okay, then.
Casting: Conjure Flame
Confirm with . or Enter, or press ? or * to list all spells.
Okay, then.
Casting: Conjure Flame
Confirm with . or Enter, or press ? or * to list all spells.
Aiming: Sticky Flame
Press: ? - help, Shift-Dir - straight line, f - daggaz's ghost
Aim: daggaz's ghost, wielding a weapon of electrocution (flame, heavily damaged, susceptible to hostile enchantments)
The sticky flame hits daggaz's ghost.
Daggaz's ghost is severely damaged.
Daggaz's ghost is engulfed in roaring flames.
Daggaz's ghost hits you but does no damage.
You are electrocuted!
You die...

#.......# #####'###
#.(# ######'##
#.......# ##########
#.......#### #........#
#.......'..# #........#
#.......##.###........#
#.......##...W@.......#
+.......######........#
#.......# #........+
#####'### #........# #.
######+### ##


You could see daggaz's ghost.

Vanquished Creatures
  Pikel (D:4)
  Joseph (D:7)
  A troll (D:8)
  A hornet (D:8)
  Prince Ribbit (D:5)
  A hippogriff (D:6)
  Grinder (D:4)
  Sigmund (D:7)
  Eustachio (D:6)
  4 hogs (D:7)
  A human (D:7)
  A hungry ghost (D:7)
  Edmund (D:4)
  2 water moccasins
  An ice beast (D:6)
  5 orc warriors
  4 sky beasts
  4 phantoms
  3 centaurs
  6 ogres
  A big kobold (D:7)
  6 bullfrogs
  4 scorpions
  4 jellies
  5 crimson imps
  8 hounds
  Crazy Yiuf (D:6)
  2 bullfrog skeletons (D:7)
  A centaur skeleton (D:9)
  3 orc priests
  6 orc wizards
  4 iguanas
  Terence (D:2)
  8 worker ants
  Natasha (thrice) (D:2)
  A killer bee zombie (D:5)
  A hound skeleton (D:8)
  11 adders
  3 shadow imps
  An ooze (D:3)
  An adder skeleton (D:7)
  An adder zombie (D:7)
  5 worms
  3 dart slugs
  6 leopard geckos
  40 orcs
  3 ball pythons
  8 bats
  4 giant cockroaches
  7 goblins
  8 hobgoblins
  5 jackals
  12 kobolds
  3 quokkas
  18 frilled lizards
  A jackal skeleton (D:4)
  A leopard gecko skeleton (D:7)
  A leopard gecko zombie (D:8)
  15 rats
257 creatures vanquished.

Vanquished Creatures (others)
  A slave (D:5)
  A crimson imp (D:5)
  An adder (D:5)
3 creatures vanquished.

Grand Total: 260 creatures vanquished

Notes
Turn   | Place    | Note
-------+----------+-------------------------------------------
     0 | D:1      | Kriby the Mummy Fire Elementalist began the quest for the Orb.
     0 | D:1      | Reached XP level 1. HP: 13/13 MP: 4/4
    97 | D:1      | Reached skill level 1 in Conjurations
   266 | D:1      | Reached skill level 3 in Spellcasting
   281 | D:1      | Reached XP level 2. HP: 9/19 MP: 1/6
   984 | D:1      | Reached XP level 3. HP: 24/24 MP: 2/7
  1816 | D:2      | Reached XP level 4. HP: 30/30 MP: 4/9
  2097 | D:2      | Noticed Natasha
  2105 | D:2      | Killed Natasha
  2105 | D:2      | Reached skill level 4 in Spellcasting
  2144 | D:2      | Noticed Natasha
  2151 | D:2      | Killed Natasha
  2151 | D:2      | Reached XP level 5. HP: 25/35 MP: 2/11
  2249 | D:2      | Learned a level 3 spell: Conjure Flame
  2254 | D:2      | Learned a level 4 spell: Sticky Flame
  2257 | D:2      | Learned a level 2 spell: Throw Flame
  2448 | D:2      | Noticed Natasha
  2457 | D:2      | Killed Natasha
  2776 | D:2      | Noticed Terence
  2788 | D:2      | Killed Terence
  3567 | D:3      | Found a glowing silver altar of Zin.
  4093 | D:4      | Reached XP level 6. HP: 41/41 MP: 11/13
  4095 | D:4      | Noticed Edmund
  4440 | D:4      | Reached skill level 5 in Spellcasting
  4716 | D:4      | Found a blossoming altar of Fedhas.
  4725 | D:4      | Killed Edmund
  4725 | D:4      | Reached XP level 7. HP: 46/46 MP: 6/15
  5307 | D:4      | Found Kumin's Food Shoppe.
  5338 | D:4      | Noticed Grinder
  5345 | D:4      | Paralysed by Grinder for 2 turns
  5348 | D:4      | Killed Grinder
  5348 | D:4      | Reached skill level 6 in Spellcasting
  5825 | D:5      | Entered Level 5 of the Dungeon
  5825 | D:5      | Found a staircase to the Ecumenical Temple.
  5836 | Temple   | Entered the Ecumenical Temple
  6081 | D:5      | Reached skill level 7 in Spellcasting
  6164 | D:5      | Noticed Sigmund
  6174 | D:5      | Noticed Pikel
  6209 | D:4      | Killed Pikel
  6209 | D:4      | Reached skill level 8 in Spellcasting
  6209 | D:4      | Reached skill level 5 in Conjurations
  6209 | D:4      | Reached skill level 5 in Fire Magic
  6209 | D:4      | Reached XP level 8. HP: 12/52 MP: 2/20
  7154 | D:5      | Learned a level 5 spell: Fireball
  7541 | D:5      | Noticed Prince Ribbit
  7549 | D:5      | Killed Prince Ribbit
  7549 | D:5      | Reached skill level 1 in Fighting
  7549 | D:5      | Reached skill level 9 in Spellcasting
  8156 | D:6      | Reached XP level 9. HP: 57/61 MP: 17/22
  8176 | D:6      | Found an opulent altar of Gozag.
  8176 | D:6      | Found a sparkling altar of Nemelex Xobeh.
  8454 | D:6      | Found Naistysm's Jewellery Boutique.
  8604 | D:6      | Found a runed door.
  8687 | D:6      | Reached skill level 10 in Spellcasting
  8830 | D:6      | Noticed Eustachio
  8842 | D:6      | Killed Eustachio
  8923 | D:6      | Found a white marble altar of Elyvilon.
  9206 | D:6      | Found a shattered altar of Ashenzari.
  9415 | D:6      | Found a sacrificial altar of Ru.
  9415 | D:6      | Found a glowing golden altar of the Shining One.
  9420 | D:6      | Found a faded altar of an unknown god.
  9422 | D:6      | Found a faded altar of an unknown god.
  9423 | D:6      | Found an iron altar of Okawaru.
  9846 | D:6      | Noticed Crazy Yiuf
  9855 | D:6      | Killed Crazy Yiuf
 10193 | D:7      | Found a deep blue altar of Sif Muna.
 10204 | D:7      | Became a worshipper of Sif Muna the Loreminder
 10363 | D:7      | Reached skill level 11 in Spellcasting
 10369 | D:7      | Reached XP level 10. HP: 49/71 MP: 5/25
 10850 | D:7      | Reached * piety under Sif Muna
 11167 | D:7      | Killed Sigmund
 11181 | D:7      | Noticed Joseph
 11303 | D:7      | Killed Joseph
 11459 | D:7      | Reached skill level 12 in Spellcasting
 12663 | D:8      | Found a shimmering altar of Xom.
 12783 | D:8      | Reached ** piety under Sif Muna
 13130 | D:8      | Found a glowing golden altar of the Shining One.
 13192 | D:8      | Found a basalt altar of Yredelemnul.
 13458 | D:8      | Found a white marble altar of Elyvilon.
 13873 | D:9      | Noticed daggaz's ghost (journeyman OpFE)
 14018 | D:9      | Slain by daggaz's ghost

Vault maps used:
D:1:      lightli_arrival_windingriver, minmay_lizard_pond
D:2:      uniq_terence, uniq_natasha
D:3:      nicolae_overflow_crystal_walls, serial_bayou_lake_a
D:4:      fedhas_bush_and_centaur_altar, serial_shops, shop, uniq_grinder,
          uniq_edmund
D:5:      first_bread, st_stairs_11, uniq_prince_ribbit1, uniq_sigmund,
          uniq_pikel
D:6:      grunt_temple_overflow_opulence, chequers_temple_overflow_minitemple,
          lemuel_doored_altar, serial_shops, nicolae_shop_waterfront,
          elyvilon_altar_1, uniq_eustachio, uniq_crazy_yiuf_cottage
D:7:      old_standard_altar, grunt_livestock, kennysheep_dice, uniq_joseph
D:8:      marbit_many_paths, kennysheep_mini, overflow_temple_1_default,
          basic_altar
D:9:      serial_shops, nicolae_shop_stone
Temple:   compressed_dpeg_triangle_lava_temple

Skill      XL: |  1  2  3  4  5  6  7  8  9 10 |
---------------+-------------------------------+-----
Conjurations   | 1 2 3 4 5 6 7 |  7.3
Spellcasting   | 3 4 5 8 9 11 12 | 12.9
Fire Magic     | 3 5 6 7 |  7.4
Fighting       | 1 4 |  4.3
Dodging        | |  1.5
Stealth        | |  1.5

Action                   |  1- 3 |  4- 6 |  7- 9 | 10-12 || total
-------------------------+-------+-------+-------+-------++-------
Melee: Hand axe          |    43 |       |       |       ||    43
       Unarmed           |     2 |       |       |       ||     2
       Short sword       |    32 |     6 |       |       ||    38
       Dire flail        |       |       |    60 |    67 ||   127
 Cast: Flame Tongue      |    58 |   129 |   184 |   242 ||   613
       Conjure Flame     |       |     1 |     7 |    14 ||    22
       Sticky Flame      |       |     4 |    29 |    15 ||    48
       Fireball          |       |       |       |     5 ||     5
  Use: Scroll            |       |     2 |    12 |     2 ||    16
Armor: Robe              |    15 |    11 |    23 |    40 ||    89
Dodge: Dodged            |    91 |    47 |    67 |    88 ||   293
Block: Other             |       |     8 |    38 |    35 ||    81
       Reflection        |       |     1 |       |       ||     1
